 Dungeon Crawl Stone Soup version 0.26-a0-663-g36e8fdb655 (webtiles) character file.

Game seed: 15864491595526281352

361 heikuro the Skirmisher (level 6, 0/49 HPs)
             Began as a Formicid Abyssal Knight on Oct 11, 2020.
             Was a Priest of Lugonu.
             Slain by Grinder (5 damage)
             ... on level 3 of the Dungeon.
             The game lasted 00:08:25 (5085 turns).

heikuro the Skirmisher (Formicid Abyssal Knight)    Turns: 5085, Time: 00:08:25

Health: 0/49       AC:  7    Str: 18    XL:     6   Next: 99%
Magic:  9/9        EV:  9    Int: 12    God:    Lugonu [***...]
Gold:   165        SH:  0    Dex: 10    Spells: 5/5 levels left

rFire    . . .     SeeInvis +   u - +1 dagger (venom)
rCold    . . .     Faith    .   (no shield)
rNeg     . . .     Spirit   .   k - +0 scale mail
rPois    .         Reflect  .   (helmet unavailable)
rElec    .         Harm     .   (no cloak)
rCorr    .         Rampage  .   (no gloves)
MR       .....                  (no boots)
Stlth    ..........             (no amulet)
HPRegen  0.16/turn              (no ring)
MPRegen  0.11/turn              (no ring)

@: no status effects
A: permanent stasis, dig shafts and tunnels, four strong arms, antennae 3
a: Dig, Shaft Self, Depart the Abyss, Bend Space, Banish, Renounce Religion


You were on level 3 of the Dungeon.
You worshipped Lugonu.
Lugonu was most pleased with you.
You visited 1 branch of the dungeon, and saw 4 of its levels.
You visited the Abyss 1 time.
You also visited: Ossuary.

You collected 165 gold pieces.

Inventory:

Hand Weapons
 a - a +1 spear
 l - a +0 hand axe
 u - a +1 dagger of venom (weapon)
Missiles
 b - 127 stones (quivered)
Armour
 k - a +0 scale mail (worn)
Wands
 t - a wand of flame (9)
Scrolls
 c - 2 scrolls of identify {unknown}
 d - 2 scrolls of remove curse {unknown}
 h - a scroll of enchant weapon {unknown}
 i - a scroll of fog {unknown}
 m - a scroll of random uselessness {unknown}
 s - a scroll of magic mapping
Potions
 e - 2 potions of curing {unknown}
 f - 3 potions of degeneration {unknown}
 g - 4 potions of brilliance {unknown}
 j - a potion of stabbing {unknown}
 n - a potion of flight {unknown}
 o - a potion of invisibility {unknown}
 p - a potion of heal wounds {unknown}
 q - a potion of berserk rage {unknown}
 r - 2 potions of ambrosia {unknown}


   Skills:
 + Level 4.6 Fighting
 * Level 4.5 Polearms
 + Level 3.7 Armour
 - Level 1.0 Dodging
 + Level 4.0 Invocations


You had 5 spell levels left.
You didn't know any spells.
Your spell library was empty.

Dungeon Overview and Level Annotations

Branches:
Dungeon (4/15)            Ossuary (visited)
 Temple: D:4-7

Altars:
Ru

Annotations:
D:3 Grinder


Innate Abilities, Weirdness & Mutations

You cannot be hasted, slowed, berserked, paralysed or teleported.
You can dig through walls and to a lower floor.
Your four strong arms can wield two-handed weapons with a shield.
You have a pair of large antennae on your head. (SInv)


Message History

You hit Grinder.
Grinder is moderately wounded.
Grinder closely misses you.
You hit Grinder.
Grinder is moderately wounded.
Grinder barely misses you.
You hit Grinder.
Grinder is heavily wounded.
Grinder barely misses you.
You hit Grinder.
Grinder is heavily wounded.
Grinder gestures at you. Pain shoots through your body!
* * * LOW HITPOINT WARNING * * *
You barely miss Grinder.
Grinder is heavily wounded.
Grinder hits you.
* * * LOW HITPOINT WARNING * * *
You writhe in agony.
You die...

,,,...>.....##.....#.#...........
,**##................#.....#+#.##
,*,..................#....#*,#..,
,*,.........##............,,,###.
,,,.............######....**** *.
**,..######.#...#..,,*,,,,* *,
*,.,* #.#...#.#*,*,,,,* *.
*,,,****##'#...#.##.#..,,* *,
*,,,**,........@.......,,* *,
*,,,**,.........5......,,******,
*,,,**,................,,,,,,,,,
*,,,***###..........#.<,,,,,,,,,
**,,,*****#####.#.####,.,,,,,,,,,
,,,,,,,,,,,,,,..#..,,,,,,,,,,,,,,
*,,*,*******,*######**,,**,******
,,,,,,,,,,,,,,,,,,,,,,,,,,,,,,,,,
,,,,,,,,,,,,,,,,,,,,,,,,,,,,,,,,,


You could see Grinder (poisoned).

Vanquished Creatures
  An iguana (D:4)
  Jessica (D:3)
  Terence (D:3)
  Natasha (thrice) (D:2)
  A big kobold zombie (Ossuary)
  2 mummies (Ossuary)
  4 adders
  A gnoll (D:1)
  3 adder zombies (Ossuary)
  3 worms
  3 dart slugs
  3 orcs
  2 bats (D:1)
  3 giant cockroaches
  13 goblins
  5 hobgoblins
  4 jackals (D:1)
  8 kobolds
  3 quokkas
  2 ball pythons (D:1)
  4 frilled lizards (D:1)
  3 goblin zombies (Ossuary)
  13 hobgoblin zombies (Ossuary)
  3 jackal zombies (Ossuary)
  3 kobold zombies (Ossuary)
  11 orc zombies (Ossuary)
  7 rats
110 creatures vanquished.

Vanquished Creatures (others)
  A plant (D:1)
1 creature vanquished.

Grand Total: 111 creatures vanquished

Notes
Turn   | Place    | Note
-------+----------+-------------------------------------------
     0 | Abyss:1  | heikuro the Formicid Abyssal Knight began the quest for the
                  | Orb.
     0 | Abyss:1  | Reached XP level 1. HP: 18/18 MP: 2/2
   152 | Abyss:1  | Noticed a worldbinder
   153 | D:1      | Escaped the Abyss
   299 | D:1      | Reached skill level 1 in Dodging
   346 | D:1      | Reached XP level 2. HP: 24/24 MP: 3/3
   472 | D:1      | Reached XP level 3. HP: 27/29 MP: 4/4
   656 | D:1      | Reached * piety under Lugonu
  1506 | D:1      | Reached XP level 4. HP: 19/37 MP: 6/6
  2008 | D:2      | Noticed Natasha
  2017 | D:2      | Killed Natasha
  2017 | D:2      | Reached XP level 5. HP: 38/42 MP: 7/7
  2173 | D:2      | Noticed Natasha
  2185 | D:2      | Killed Natasha
  2403 | D:2      | Noticed Natasha
  2419 | D:2      | Killed Natasha
  2774 | D:3      | Noticed Grinder
  2828 | D:3      | Found a faded altar of an unknown god.
  2834 | D:3      | Reached ** piety under Lugonu
  2906 | D:3      | Found a sacrificial altar of Ru.
  2909 | D:3      | Noticed Terence
  2933 | D:3      | Killed Terence
  2933 | D:3      | Reached XP level 6. HP: 20/48 MP: 8/8
  3380 | D:4      | Found a sand-covered staircase.
  3555 | Ossuary  | Entered an ossuary
  4360 | D:4      | Noticed an ogre
  4395 | D:4      | HP: 2/49 [ogre/+0 giant spiked club (21)]
  4717 | D:3      | Noticed Jessica
  4748 | D:3      | Killed Jessica
  5064 | D:3      | Reached *** piety under Lugonu
  5085 | D:3      | Slain by Grinder

Illustrated notes

Levels and vault maps discovered:
D:1:      dpeg_arrival_oval, layout_basic, corexii_corridor_pit,
          serial_bayou_pond_a
D:2:      layout_rooms, uniq_natasha
D:3:      minmay_goblin_kobold_castle, layout_basic,
          chequers_temple_overflow_minitemple,
          chequers_ecumenical_altar_simple_redux, minmay_misc_feat_hallway,
          nicolae_ru_awakened_eye, uniq_terence, uniq_jessica, uniq_grinder
D:4:      layout_basic, lemuel_crystal_altar,
          lightli_ossuary_entry_decrepit_ruins, gammafunk_ghost_gnarly_gnolls,
          lemuel_flame_loot_1

Skill      XL: |  1  2  3  4  5  6 |
---------------+-------------------+-----
Dodging        | 1 |  1.0
Polearms       | 3 4 |  4.5
Invocations    | 3 4 |  4.0
Fighting       | 4 |  4.6
Armour         | 3 |  3.7

Action                   |  1- 3 |  4- 6 || total
-------------------------+-------+-------++-------
Melee: Spear             |   113 |   234 ||   347
       Hand axe          |       |    97 ||    97
       Dagger            |       |    17 ||    17
Throw: Stone             |       |     7 ||     7
Invok: Depart the Abyss  |     1 |       ||     1
 Abil: Dig               |       |     2 ||     2
  Use: Scroll            |       |     3 ||     3
Armor: Ring mail         |    49 |     4 ||    53
       Scale mail        |       |    91 ||    91
Dodge: Dodged            |    44 |   131 ||   175

Table legend: (Time is in decaauts)
 A = Elapsed time spent in this place.
 B = Non-inter-level travel time spent in this place.
 C = Inter-level travel time spent in this place.
 D = Time resting spent in this place.
 E = Time spent auto-exploring this place.
 F = Levels seen in this place.
 G = Mean time per level.
                   A        B        C        D        E       F      G
               +--------+--------+--------+--------+--------+-----+--------+
         Total |   5082 |   4988 |     94 |   1945 |   1959 |   6 |  847.0 |
       Dungeon |   4119 |   4025 |     94 |   1628 |   1602 |   4 | 1029.8 |
         Abyss |    153 |    153 |      0 |      0 |    132 |   1 |  153.0 |
       Ossuary |    809 |    809 |      0 |    317 |    225 |   1 |  809.0 |
               +--------+--------+--------+--------+--------+-----+--------+

Top non-repeatable levels by time:
     D:1: 1708 daAuts
     D:3: 1156 daAuts
     D:2: 943 daAuts
 Ossuary: 809 daAuts
     D:4: 311 daAuts
 Abyss:1: 153 daAuts
